 Dungeon Crawl Stone Soup version 0.25.0-26-g0c896c7088 (webtiles) character file.

Game seed: 17587524812596453822

205 lepoulpe303 the Skirmisher (level 5, 0/42 HPs)
             Began as a Demonspawn Abyssal Knight on June 30, 2020.
             Was a Priest of Lugonu.
             Slain by an orc priest
             ... wielding a +0 club
              (2 damage)
             ... on level 4 of the Dungeon.
             The game lasted 00:10:24 (3711 turns).

lepoulpe303 the Skirmisher (DsAK)                   Turns: 3711, Time: 00:10:24

Health: 0/42       AC: 13    Str: 14    XL:     5   Next: 52%
Magic:  14/16      EV:  0    Int: 13    God:    Lugonu [***...]
Gold:   48         SH: 10    Dex: 12    Spells: 4/4 levels left

rFire    . . .     SeeInvis .   a - +1 falchion
rCold    . . .     Gourm    .   s - +0 tower shield (curse)
rNeg     . . .     Faith    .   m - +0 plate armour
rPois    +         Spirit   .   (helmet restricted)
rElec    .         Reflect  .   u - scarf {+Inv}
rCorr    .         Harm     .   (no gloves)
MR       .....                  (no boots)
Stlth    ..........             (no amulet)
HPRegen  0.14/turn              P - ring of poison resistance
MPRegen  0.15/turn              o - ring of magical power {MP+9}

@: very slightly contaminated, invisible
A: antennae 1, molten scales 1, nightstalker 1
a: Depart the Abyss, Bend Space, Banish, Renounce Religion


You were on level 4 of the Dungeon.
You worshipped Lugonu.
Lugonu was most pleased with you.
You were not hungry.

You visited 1 branch of the dungeon, and saw 4 of its levels.
You visited the Abyss 1 time.

You collected 48 gold pieces.

Inventory:

Hand Weapons
 a - a +1 falchion (weapon)
Armour
 c - a +0 scale mail
 m - a +0 plate armour (worn)
 s - a cursed +0 tower shield (worn)
 u - a scarf of invisibility (worn)
 v - a +0 chain mail
Jewellery
 o - a ring of magical power (right hand) {MP+9}
 p - an uncursed amulet of magic regeneration
 P - a ring of poison resistance (left hand)
Scrolls
 d - 2 scrolls of teleportation {unknown}
 h - 2 scrolls of blinking {unknown}
 i - 3 scrolls of identify
 j - a scroll of enchant armour {unknown}
 n - a scroll of remove curse {unknown}
 q - a scroll of random uselessness {unknown}
 t - a scroll of fear {unknown}
Potions
 f - a potion of lignification {unknown}
 g - 2 potions of mutation {!q}
 k - a potion of curing
 l - a potion of ambrosia {unknown}
 r - a potion of flight {unknown}
Comestibles
 b - a chunk of flesh
 e - 8 rations


   Skills:
 + Level 3.7 Fighting
 * Level 3.2 Long Blades
 * Level 2.7 Armour
 + Level 2.0 Dodging
 + Level 0.4 Shields
 + Level 3.5 Invocations
 + Level 0.2 Evocations


You had 4 spell levels left.
You didn't know any spells.
Your spell library was empty.

Dungeon Overview and Level Annotations

Branches:
Dungeon (4/15)
 Temple: D:4-7

Altars:


Innate Abilities, Weirdness & Mutations

You have a pair of small antennae on your head.
You are partially covered in molten scales. (AC +2)
You are slightly more attuned to the shadows.


Message History

You take 4 damage, and have 6/42 hp.
You hit the hound but do no damage. You block the hound's attack.
You block the orc priest's attack. The hound bites you but does no damage.
The orc hits you with a +0 trident.
* * * LOW HITPOINT WARNING * * *
You take 4 damage, and have 2/42 hp.
Unknown command.
You fail to use your ability.
The hound bites you but does no damage.
The orc priest hits you but does no damage.
The orc hits you but does no damage. You block the hound's attack.
You fail to use your ability.
The hound bites you but does no damage.
The orc priest hits you but does no damage.
The orc hits you but does no damage.
You fade into invisibility!
You are very lightly contaminated with residual magic.
You feel quite a bit more hungry. You block the hound's attack.
The orc priest hits you with a +0 club.
You die...

####......#.....#
#.......#.#.....#
#.###..##.#.....##
#.# #..##........#
#.###.###........#
#.............##.#
###......(.#####.#
#..#.###.#####.####
#.....##.h@o......#
##.#..##.##o#####.#
#........{o...##.#
###..##.##.##.>...
#. ....... ##.## #
.......# #.#
###.#<.. ..# #.#...
### # ...


You could see a hound, an orc priest and 2 orcs.

Levels and vault maps discovered:
D:1:      enne_arrival_octagon_isle, layout_loops_corners, minmay_octomino_j4
D:2:      minmay_razor_zed, layout_basic
D:3:      layout_basic, first_ration, uniq_robin
D:4:      layout_loops_cross

Notes
Turn   | Place    | Note
-------+----------+-------------------------------------------
     0 | Abyss:1  | lepoulpe303 the Demonspawn Abyssal Knight began the quest
                  | for the Orb.
     0 | Abyss:1  | Reached XP level 1. HP: 18/18 MP: 2/2
    50 | Abyss:1  | Noticed a spatial vortex
    51 | Abyss:1  | Identified a scroll of identify
    67 | Abyss:1  | Noticed a spatial vortex
    67 | Abyss:1  | Noticed a spatial vortex
    67 | Abyss:1  | Noticed a spatial vortex
    87 | Abyss:1  | Noticed a spatial vortex
   134 | Abyss:1  | Noticed a chaos spawn
   138 | Abyss:1  | Noticed a wraith
   139 | D:1      | Escaped the Abyss
   188 | D:1      | Identified a +0 club
   191 | D:1      | Reached skill level 1 in Dodging
   199 | D:1      | Reached skill level 2 in Long Blades
   205 | D:1      | Gained mutation: You are slightly more attuned to the
                  | shadows. [demonic ancestry]
   205 | D:1      | Reached XP level 2. HP: 7/24 MP: 3/3
   208 | D:1      | Reached * piety under Lugonu
   451 | D:1      | Reached skill level 2 in Armour
   585 | D:1      | Identified a +0 club
   593 | D:1      | Gained mutation: You are partially covered in molten
                  | scales. (AC +2) [demonic ancestry]
   593 | D:1      | Reached XP level 3. HP: 27/29 MP: 5/5
   666 | D:1      | Identified a +0 ring mail (You found it on level 1 of the
                  | Dungeon)
   868 | D:1      | Identified a +0 club
  1089 | D:1      | Identified a cursed -1 club
  1091 | D:1      | Reached skill level 3 in Invocations
  1189 | D:2      | Identified a +0 short sword
  1239 | D:2      | Identified a +0 club
  1448 | D:2      | Identified a +0 club
  1449 | D:2      | Identified a +0 club
  1501 | D:2      | Identified a +0 dagger
  1505 | D:2      | Reached XP level 4. HP: 23/35 MP: 6/6
  1716 | D:2      | Identified a +0 scale mail (You found it on level 2 of the
                  | Dungeon)
  1720 | D:2      | Identified a ring of poison resistance (You found it on
                  | level 1 of the Dungeon)
  1722 | D:2      | Identified a ring of magical power (You found it on level 2
                  | of the Dungeon)
  2008 | D:2      | Reached ** piety under Lugonu
  2155 | D:2      | Reached skill level 3 in Long Blades
  2643 | D:3      | Identified a potion of mutation
  2669 | D:3      | Identified a cursed +0 tower shield (You found it on level
                  | 3 of the Dungeon)
  2684 | D:3      | Gained mutation: You have a pair of small antennae on your
                  | head. [demonic ancestry]
  2684 | D:3      | Reached XP level 5. HP: 36/41 MP: 7/7
  2733 | D:3      | Identified a +0 flail
  2733 | D:3      | Identified a cursed +0 chain mail
  2733 | D:3      | Identified a +0 scale mail
  2738 | D:3      | Identified a +0 mace
  2740 | D:3      | Identified a +0 whip
  2757 | D:3      | Reached skill level 2 in Dodging
  2856 | D:3      | Identified a +0 short sword
  2892 | D:3      | Identified a cursed +0 short sword
  2892 | D:3      | Identified a +0 chain mail
  2959 | D:3      | Identified a scarf of invisibility (You found it on level 3
                  | of the Dungeon)
  3015 | D:3      | Identified a +0 club
  3035 | D:3      | Identified a +0 mace
  3036 | D:3      | Identified a +0 dagger
  3036 | D:3      | Identified a +0 hand axe
  3036 | D:3      | Identified a +0 chain mail
  3036 | D:3      | Identified a cursed -1 short sword
  3037 | D:3      | Identified a +0 spear
  3037 | D:3      | Identified a +0 animal skin
  3037 | D:3      | Identified a +0 helmet
  3037 | D:3      | Noticed Robin
  3037 | D:3      | Identified a +0 dagger
  3037 | D:3      | Identified a +0 club
  3038 | D:3      | Identified a +0 dagger
  3038 | D:3      | Identified a +0 scale mail
  3043 | D:3      | Identified a cursed +0 club
  3044 | D:3      | Identified a +0 club
  3124 | D:3      | Identified a +0 club
  3124 | D:3      | Identified a +0 club
  3226 | D:2      | Identified an amulet of magic regeneration (You found it on
                  | level 3 of the Dungeon)
  3254 | D:2      | Reached *** piety under Lugonu
  3362 | D:3      | Killed Robin
  3534 | D:3      | Identified a +0 plate armour
  3687 | D:4      | Identified a +0 club
  3687 | D:4      | Identified a +0 leather armour
  3687 | D:4      | Identified a +0 trident
  3687 | D:4      | Identified a +0 scale mail
  3688 | D:4      | Identified a +0 club
  3688 | D:4      | Identified a +0 ring mail
  3704 | D:4      | HP: 10/42 [orc/+0 trident (1)]
  3708 | D:4      | HP: 2/42 [orc/+0 trident (5)]
  3711 | D:4      | Slain by an orc priest

Table legend:
 A = Turns spent in this place as a percentage of turns spent in the entire game.
 B = Non-inter-level travel turns spent in this place as a percentage of non-inter-level travel turns spent in the entire game.
 C = Inter-level travel turns spent in this place as a percentage of turns spent in this place.
 D = Turns resting spent in this place as a percentage of non-inter-level travel turns spent in this place.
 E = Turns spent auto-exploring this place as a percentage of non-inter-level travel turns spent in this place.
 F = Non-inter-level travel turns spent in this place divided by the number of levels of this place that you've seen.
                   A       B       C       D       E      F
               +-------+-------+-------+-------+-------+----------------------
         Total | 100.0 | 100.0 |   3.6 |  26.3 |  49.5 | 715.4
       Dungeon |  96.3 |  96.1 |   3.8 |  27.4 |  51.5 | 859.5
         Abyss |   3.7 |   3.9 |   0.0 |   0.0 |   0.0 | 139.0
               +-------+-------+-------+-------+-------+----------------------

Table legend:
 A = Kills in this place as a percentage of kills in entire the game.
 B = Kills by you in this place as a percentage of kills by you in the entire game.
 C = Kills by friends in this place as a percentage of kills by friends in the entire game.
 D = Other kills in this place as a percentage of other kills in the entire game.
 E = Experience gained in this place as a percentage of experience gained in the entire game.
 F = Experience gained in this place divided by the number of levels of this place that you have seen.
                   A       B       C       D       E      F
               +-------+-------+-------+-------+-------+----------------------
         Total | 100.0 | 100.0 |   N/A |   N/A | 100.0 |  58.6
       Dungeon | 100.0 | 100.0 |   N/A |   N/A | 100.0 |  73.2
               +-------+-------+-------+-------+-------+----------------------

Skill      XL: |  1  2  3  4  5 |
---------------+----------------+-----
Dodging        | 1 2 |  2.0
Long Blades    | 2 3 |  3.2
Armour         | 2 |  2.7
Invocations    | 3 |  3.5
Fighting       | |  3.7
Shields        | |  0.4
Evocations     | |  0.2

Action                   |  1- 3 |  4- 6 || total
-------------------------+-------+-------++-------
Melee: Falchion          |    74 |   274 ||   348
Throw: Boomerang         |    51 |       ||    51
Invok: Depart the Abyss  |     1 |       ||     1
 Abil: Evoke Invisibilit |       |     1 ||     1
  Use: Scroll            |     1 |     3 ||     4
  Eat: Chunk             |     2 |     8 ||    10
Armor: Leather armour    |    12 |       ||    12
       Ring mail         |    18 |    25 ||    43
       Scale mail        |       |   103 ||   103
       Chain mail        |       |    45 ||    45
       Plate armour      |       |    22 ||    22
Dodge: Dodged            |    50 |    97 ||   147
Block: Tower shield      |       |   155 ||   155
       Rpst.: Falchion   |    17 |    29 ||    46

Vanquished Creatures
  Robin (D:3)
  A gnoll (D:1)
  7 adders
  An ooze (D:1)
  3 worms
  2 dart slugs (D:1)
  A leopard gecko (D:4)
  10 orcs
  10 bats
  5 giant cockroaches
  14 goblins
  11 hobgoblins
  9 kobolds
  A quokka (D:2)
  3 frilled lizards (D:2)
  17 rats
96 creatures vanquished.
